 Dungeon Crawl Stone Soup version 0.31.0-32-g396128a36d (webtiles) character file.

Game seed: 17025480499986352681

126 AdnanSaban the Covered (level 5, -4/33 HPs)
             Began as a Gargoyle Fighter on Apr 15, 2024.
             Slain by Crazy Yiuf
             ... wielding a +4 quarterstaff of chaos
              (7 damage)
             ... on level 2 of the Dungeon.
             The game lasted 00:01:58 (1893 turns).

AdnanSaban the Covered (Gargoyle Fighter)           Turns: 1893, Time: 00:01:59

Health: -4/33      AC: 14    Str: 22    XL:     5   Next: 9%
Magic:  3/5        EV:  9    Int:  8    God:
Gold:   56         SH:  4    Dex:  9    Spells: 4/4 levels left

rFire   + . .        a - +0 flail
rCold   . . .        c - +0 buckler
rNeg    + . .        b - +0 scale mail
rPois   ∞            p - +2 helmet
rElec   +            (no cloak)
rCorr   .            (no gloves)
SInv    .            (no boots)
Will    .....        (no amulet) Stlth
                     s - ring of protection from fire
HPRegen 0.25/turn    (no ring)
MPRegen 0.09/turn

%: no passive effects
@: fragile (+50% incoming damage)
A: sickness immunity, AC +4, negative energy resistance 1, electricity
resistance, torment resistance 1, petrification resistance
a: no special abilities


You were on level 2 of the Dungeon.
You visited 1 branch of the dungeon, and saw 2 of its levels.

You collected 56 gold pieces.

Inventory:

Hand Weapons
 a - a +0 flail (weapon)
Missiles
 j - 4 curare-tipped darts (quivered)
 l - 6 atropa-tipped darts
Armour
 b - a +0 scale mail (worn)
 c - a +0 buckler (worn)
 p - a +2 helmet (worn)
Jewellery
 s - a ring of protection from fire (left hand)
Scrolls
 e - a scroll of poison {unknown}
 f - a scroll of vulnerability {unknown}
 h - 2 scrolls of teleportation {unknown}
 i - a scroll of fear {unknown}
 n - a scroll of identify {unknown}
 r - a scroll of revelation {unknown}
Potions
 d - a potion of might
 g - 3 potions of curing {unknown}
 k - a potion of attraction {unknown}
 m - a potion of enlightenment {unknown}
 o - a potion of cancellation {unknown}
 q - a potion of brilliance {unknown}


   Skills:
 + Level 3.9 Fighting
 + Level 3.3 Maces & Flails
 + Level 4.4 Armour
 + Level 0.4 Dodging
 + Level 3.7 Shields


You had 4 spell levels left.
You didn't know any spells.
Your spell library contained the following spells:

 Spells                   Type           Power      Damage    Failure   Level
 Hailstorm                Conj/Ice       0%         3d5       99%         3
 Summon Ice Beast         Ice/Summ       0%         N/A       99%         3
 Sculpt Simulacrum        Ice/Alch       0%         N/A       100%        6


Dungeon Overview and Level Annotations

Branches:
Dungeon (2/15)

Altars:
Vehumet

Shops:
D:2 [

Annotations:
D:2 Crazy Yiuf


Innate Abilities, Weirdness & Mutations

You are immune to sickness and miasma.
Your stone body is resilient. (AC +4)
You are immune to poison.
You resist negative energy. (rN+)
You are resistant to electric shocks. (rElec)
You are resistant to unholy torment.
You are immune to petrification.


Message History

Crazy Yiuf is moderately wounded.
Crazy Yiuf laughs, "Prologue!
Whiteboard fast illywillydillykilly."
Crazy Yiuf closely misses you.
Crazy Yiuf hits you with a +4 quarterstaff of chaos.
You barely miss Crazy Yiuf.
Crazy Yiuf is moderately wounded.
Crazy Yiuf hits you with a +4 quarterstaff of chaos.
You hit Crazy Yiuf.
Crazy Yiuf is moderately wounded.
Crazy Yiuf hits you with a +4 quarterstaff of chaos.
You closely miss Crazy Yiuf.
Crazy Yiuf is moderately wounded.
Crazy Yiuf grits, "Millenium tea King!"
Crazy Yiuf hits you with a +4 quarterstaff of chaos.
Crazy Yiuf burns you.
You hit Crazy Yiuf.
Crazy Yiuf is heavily wounded.
Crazy Yiuf laughs, "Iron rumpyflump light!"
Crazy Yiuf barely misses you. Crazy Yiuf hits you but does no damage.
You hit Crazy Yiuf.
Crazy Yiuf is heavily wounded.
Crazy Yiuf barely misses you.
You barely miss Crazy Yiuf.
Crazy Yiuf is heavily wounded.
Crazy Yiuf flaps his cloak.
Crazy Yiuf hits you with a +4 quarterstaff of chaos.
* * * LOW HITPOINT WARNING * * *
Crazy Yiuf freezes you.
* * * LOW HITPOINT WARNING * * *
You closely miss Crazy Yiuf.
Crazy Yiuf is heavily wounded.
Your attacks no longer feel as feeble.
Crazy Yiuf hits you but does no damage.
Crazy Yiuf hits you with a +4 quarterstaff of chaos.
* * * LOW HITPOINT WARNING * * *
Your body becomes as fragile as glass!
You barely miss Crazy Yiuf.
Crazy Yiuf is heavily wounded.
Crazy Yiuf hits you with a +4 quarterstaff of chaos.
You die...

#.# ##...#.#..###.###.####.###...
#.####.....÷.....................
#.#...........###.###.########...
#.#.##..####### ### ### #...
#.>.##.## #... #.####.## #...
........#### ### #...
..###.#..#.## ###..)# #... ###
#.......####@g...# #...
###......#..##...# ####
##.#..#.### ### ########


You could see Crazy Yiuf.

Vanquished Creatures
  Robin (D:2)
  4 adders (D:2)
  2 dart slugs (D:1)
  A ribbon worm (D:2)
  6 ball pythons
  3 endoplasms
  4 giant cockroaches
  14 goblins
  11 hobgoblins
  4 quokkas
  6 bats
  5 frilled lizards
  4 kobolds
  3 rats
68 creatures vanquished.

Notes
Turn   | Place    | Note
-------+----------+-------------------------------------------
     0 | D:1      | AdnanSaban the Gargoyle Fighter began the quest for the
                  | Orb.
     0 | D:1      | Reached XP level 1. HP: 14/14 MP: 1/1
   111 | D:1      | Reached XP level 2. HP: 19/19 MP: 2/2
   473 | D:1      | Reached XP level 3. HP: 24/24 MP: 3/3
   779 | D:2      | Found a radiant altar of Vehumet.
  1003 | D:2      | Reached skill level 4 in Armour
  1003 | D:2      | Reached XP level 4. HP: 28/29 MP: 4/4
  1318 | D:2      | Noticed Robin
  1350 | D:2      | Killed Robin
  1452 | D:2      | Reached XP level 5. HP: 29/33 MP: 5/5
  1474 | D:2      | Found Eguiduiz's Antique Armour Shop.
  1609 | D:2      | Found a runed translucent door.
  1610 | D:2      | Noticed Crazy Yiuf
  1893 | D:2      | Slain by Crazy Yiuf

Illustrated notes

Levels and vault maps discovered:
D:1:      scummos_arrival_simple_fountains, layout_loops_ring
D:2:      minmay_thinvault, layout_basic, serial_shops, nicolae_shop_crystal,
          basic_altar, nicolae_figureground_sparkle, uniq_robin,
          uniq_crazy_yiuf_cottage

Skill      XL: |  1  2  3  4 |
---------------+-------------+-----
Armour         | 4 |  4.4
Maces & Flails | 3 |  3.3
Fighting       | |  3.9
Dodging        | |  0.4
Shields        | |  3.7

Action                     |  1- 3 |  4- 6 || total
---------------------------+-------+-------++-------
  Melee: Flail             |   134 |   118 ||   252
 Armour: Scale mail        |   111 |   107 ||   218
  Dodge: Dodged            |    81 |    50 ||   131
  Block: Buckler           |    38 |    24 ||    62
